 Dungeon Crawl Stone Soup version 0.32-a0-999-gfa1cc04b1d (webtiles) character file.

Game seed: 8548921798748957372

49 GiantSquids the Sneak (level 3, 0/26 HPs)
             Began as an Octopode Delver on Apr 25, 2024.
             Was an Initiate of Dithmenos.
             Killed from afar by an orc wizard (8 damage)
             ... with a magic dart
             ... on level 5 of the Dungeon.
             The game lasted 00:01:33 (341 turns).

GiantSquids the Sneak (Octopode Delver)              Turns: 341, Time: 00:01:33

Health: 0/26       AC:  1    Str: 11    XL:     3   Next: 75%
Magic:  3/3        EV: 12    Int: 12    God:    Dithmenos [......]
Gold:   17         SH:  0    Dex: 15    Spells: 2/2 levels left

rFire   . . .        a - +0 short sword
rCold   . . .        (no shield)
rNeg    . . .        (helmet restricted)
rPois   .            (no amulet)
rElec   .            (no ring)
rCorr   .            (no ring)
SInv    .            (no ring)
Will    .....        (no ring)
Stlth   +++++        (no ring)
HPRegen 0.24/turn    (no ring)
MPRegen 0.08/turn    (no ring)
                     (no ring)

%: no passive effects
@: no status effects
A: almost no armour, amphibious, 8 rings, camouflage 1, gelatinous body 1,
(nimble swimmer 1), tentacles
a: Renounce Religion


You were on level 5 of the Dungeon.
You worshipped Dithmenos.
Dithmenos was noncommittal.
You visited 2 branches of the dungeon, and saw 2 of its levels.

You collected 17 gold pieces.

Inventory:

Hand Weapons
 a - a +0 short sword (weapon)
Wands
 f - a wand of digging (3)
Scrolls
 b - a scroll of fog
 c - a scroll of revelation
 d - a scroll of fear
 g - a scroll of brand weapon {unknown}
Potions
 e - a potion of haste


   Skills:
 - Level 3.0 Fighting
 * Level 3.4 Short Blades
 - Level 2.0 Dodging
 + Level 7.2 Stealth


You had 2 spell levels left.
You didn't know any spells.
Your spell library was empty.

Dungeon Overview and Level Annotations

Branches:
Dungeon (5/15)             Temple (1/1) D:5

Altars:
Ashenzari
Cheibriados
Dithmenos
Elyvilon
Gozag
Hepliaklqana
Kikubaaqudgha
Makhleb
Nemelex Xobeh
Okawaru
Ru
Sif Muna
Trog
Uskayaw
Vehumet
Wu Jian
Xom
The Shining One

Annotations:
D:5 Blork the orc


Innate Abilities, Weirdness & Mutations

You cannot wear most types of armour.
You are amphibious.
You can wear up to eight rings at the same time.
Your skin changes colour to match your surroundings (Stealth+).
Your rubbery body absorbs attacks. (AC +1, EV +1)
((You are camouflaged when in or above water. (Stealth+)))
You have tentacles for arms and can constrict up to eight enemies at once.


Message History

Dithmenos accepts your kill.
Things that are here:
a +0 club; a +0 leather armour You open the door.
An orc comes into view. It is wielding a +0 mace.
There is an open door here.
There is a fountain of clear blue water here.
The orc shouts!
You completely miss the orc. Your grab misses the orc. You squeeze the orc.
The orc is severely wounded.
The orc hits you with a +0 mace.
You hit the orc but do no damage. You grab the orc.
The orc is severely wounded.
You constrict the orc.
You kill the orc!
Dithmenos accepts your kill.
Found 2 stones.
There is an open door here.
Things that are here:
a +0 mace; a +0 leather armour; an orc corpse You hit the orc wizard.
Your grab misses the orc wizard.
The orc wizard is lightly wounded.
The orc wizard casts a spell.
The orc wizard flickers and vanishes!
Deactivating autopickup; reactivate with Ctrl-A.
You closely miss something. Something hits you.
You miss something. Something hits you.
You miss something. Your squeeze misses something.
You hear some strange, mumbled words.
Something tries to affect you, but you resist.
You barely miss something. You miss something. Something hits you.
You barely miss something. Your squeeze misses something. Something hits you.
You hit something. Something hits you.
* * * LOW HITPOINT WARNING * * *
You barely miss something. Your squeeze misses something.
You hear some strange, mumbled words.
A magic dart appears from out of thin air!
The magic dart hits you!
You die...

######### #.......#
##########'#####.######
#...(.#.......#........
#.....#.⌠...⌠.#........
#.....#.......#........
#....{@...⌠...+........
#####+#.......#........
#.⌠...⌠.#........
#.......###...##.
####'######...###
...........#..
...........#..
.......)...#..
...........#..


There were no monsters in sight!

Vanquished Creatures
  A hound (D:5)
  9 orcs (D:5)
10 creatures vanquished.

Notes
Turn   | Place    | Note
-------+----------+-------------------------------------------
     0 | D:5      | GiantSquids the Octopode Delver began the quest for the
                  | Orb.
     0 | D:5      | Reached XP level 1. HP: 16/16 MP: 1/1
    19 | D:5      | Noticed Blork the orc
    65 | D:5      | Noticed an orc wizard
    69 | D:5      | Reached XP level 2. HP: 5/21 MP: 2/2
   165 | D:5      | Found a staircase to the Ecumenical Temple.
   175 | D:5      | Reached skill level 7 in Stealth
   175 | D:5      | Reached XP level 3. HP: 26/26 MP: 3/3
   187 | Temple   | Entered the Ecumenical Temple
   208 | Temple   | Became a worshipper of Dithmenos the Shadowed
   341 | D:5      | Killed from afar by an orc wizard

Illustrated notes

Levels and vault maps discovered:
D:5:      layout_gridville, mainiacjoe_overflow_concentric_impassable,
          minmay_temple_entry_junction_2, serial_glass, glass_columns_a,
          glass_columns_a, serial_shops, shop, minmay_fountain_box,
          uniq_menkaure, uniq_blork_the_orc
Temple:   regret_index_temple_mists

Skill      XL: |  1  2 |
---------------+-------+-----
Short Blades   | 3 |  3.4
Stealth        | 7 |  7.2
Fighting       | |  3.0
Dodging        | |  2.0

Action                     || total
---------------------------++-------
  Melee: Short sword       ||    31
         Constrict         ||     8
         Tentacles         ||     5
   Stab: Sleeping          ||     2
 Armour: Skin              ||    10
  Dodge: Dodged            ||     4

Table legend: (Time is in decaauts)
 A = Elapsed time spent in this place.
 B = Non-inter-level travel time spent in this place.
 C = Inter-level travel time spent in this place.
 D = Time resting spent in this place.
 E = Time spent auto-exploring this place.
 F = Levels seen in this place.
 G = Mean time per level.
                   A        B        C        D        E       F      G
               +--------+--------+--------+--------+--------+-----+--------+
         Total |    337 |    337 |      0 |     63 |     62 |   2 |  168.5 |
       Dungeon |    294 |    294 |      0 |     63 |     62 |   1 |  294.0 |
        Temple |     42 |     42 |      0 |      0 |      0 |   1 |   42.0 |
               +--------+--------+--------+--------+--------+-----+--------+

Top non-repeatable levels by time:
     D:5: 294 daAuts
  Temple: 42 daAuts
